 Dungeon Crawl Stone Soup version 0.22-a0-414-gacd343e (webtiles) character file.

1238 galech the Twirler (level 8, -2/64 HPs)
             Began as a Gnoll Wanderer on May 13, 2018.
             Was an Initiate of Okawaru.
             Slain by an orc
             ... wielding a +0 hand axe of electrocution
              (19 damage)
             ... on level 6 of the Dungeon.
             The game lasted 00:06:49 (4708 turns).

galech the Twirler (Gnoll Wanderer)                 Turns: 4708, Time: 00:06:50

Health: -2/64      AC: 21    Str: 17    XL:     8   Next: 49%
Magic:  30/30      EV: 12    Int: 14    God:    Okawaru [......]
Gold:   216        SH:  0    Dex: 17    Spells: 13/13 levels left

rFire    . . .     SeeInvis .   s - +1 morningstar (protect)
rCold    + . .     Gourm    .   (no shield)
rNeg     . . .     Faith    .   y - +4 scale mail of the Invisible Wonders {+Fly MP+9 Str+2}
rPois    .         Spirit   .   (no helmet)
rElec    .         Reflect  .   p - +1 cloak
rCorr    .         Harm     .   (no gloves)
MR       .....                  q - +0 pair of boots
Stlth    +.........             (no amulet)
HPRegen  0.20/turn              v - ring of magical power
MPRegen  0.22/turn              x - ring of protection from cold

@: protection aura
A: distributed training, fangs 1, strong nose
a: Renounce Religion, Evoke Flight


You were on level 6 of the Dungeon.
You worshipped Okawaru.
Okawaru was noncommittal.
You were near starving.

You visited 2 branches of the dungeon, and saw 7 of its levels.

You collected 216 gold pieces.

Inventory:

Hand Weapons
 c - a +0 falchion
 k - a +1 dagger of freezing
 m - a +0 whip of electrocution
 s - a +1 morningstar of protection (weapon)
 w - a +1 short sword of electrocution
Armour
 p - a +1 cloak (worn)
 q - a +0 pair of boots (worn)
 y - the +4 scale mail of the Invisible Wonders (worn) {+Fly MP+9 Str+2}
   (You found it on level 5 of the Dungeon)

   It affects your strength (+2).
   It affects your magic capacity (+9).
   It lets you fly.
Jewellery
 v - a ring of magical power (left hand)
 x - a ring of protection from cold (right hand)
Scrolls
 e - 5 scrolls of remove curse {unknown}
 i - 2 scrolls of blinking {unknown}
 j - 6 scrolls of teleportation {unknown}
 l - 4 scrolls of identify {unknown}
 o - a scroll of random uselessness {unknown}
 u - 2 scrolls of fear {unknown}
Potions
 b - a potion of lignification
 f - a potion of invisibility {unknown}
 g - 3 potions of agility {unknown}
 h - a potion of haste
 n - 2 potions of degeneration {unknown}
 r - 3 potions of brilliance {unknown}
 t - 2 potions of curing {unknown}
Comestibles
 d - 10 rations


   Skills:
 + Level 5.6 Fighting
 + Level 3.2 Short Blades
 + Level 5.6 Long Blades
 + Level 3.2 Axes
 + Level 3.2 Maces & Flails
 + Level 3.2 Polearms
 + Level 7.3 Staves
 + Level 3.2 Slings
 + Level 3.2 Bows
 + Level 3.2 Crossbows
 + Level 4.2 Throwing
 + Level 3.2 Armour
 + Level 4.2 Dodging
 + Level 4.0 Stealth
 + Level 3.2 Shields
 + Level 3.2 Unarmed Combat
 + Level 3.2 Spellcasting
 + Level 2.6 Conjurations
 + Level 2.6 Hexes
 + Level 2.6 Charms
 + Level 2.6 Summonings
 + Level 2.6 Necromancy
 + Level 2.6 Translocations
 + Level 2.6 Transmutations
 + Level 2.6 Fire Magic
 + Level 2.6 Ice Magic
 + Level 2.6 Air Magic
 + Level 2.6 Earth Magic
 + Level 2.6 Poison Magic
 + Level 3.5 Invocations
 + Level 3.2 Evocations


You had 13 spell levels left.
You didn't know any spells.
Your spell library was empty.

Dungeon Overview and Level Annotations

Branches:
Dungeon (6/15)             Temple (1/1) D:5

Altars:
Ashenzari
Cheibriados
Elyvilon
Fedhas
Gozag
Hepliaklqana
Kikubaaqudgha
Nemelex Xobeh
Okawaru
Qazlal
Ru
Sif Muna
Trog
Uskayaw
Vehumet
Wu Jian
Xom
Zin
The Shining One

Shops:
D:5 :


Innate Abilities, Weirdness & Mutations

Your experience applies equally to all skills.
You have very sharp teeth.
Your uncanny sense of smell can sniff out nearby items.


Message History

The orc closely misses you. The orc hits you but does no damage.
The orc misses you. The orc barely misses you. x2
Items here: ( )) [ †† You hit the orc.
Your bite misses the orc.
The orc is severely wounded.
The orc barely misses you. The orc closely misses you.
The orc hits you but does no damage. x2
You closely miss the orc.
The orc is severely wounded.
The orc hits you but does no damage.
The orc hits you with a hand axe of electrocution.
You are electrocuted!
* * * LOW HITPOINT WARNING * * *
The orc closely misses you.
You puncture the orc!
You kill the orc!
Okawaru accepts your kill. The orc hits you but does no damage.
You are electrocuted!
You die...

## ##########+##..
#..%...........
#..............
#..oo..........
#..)@.....(....
#######.≈≈≈.## #≈≈≈≈≈#
#≈≈.≈≈# #≈≈≈≈≈#
#########≈≈≈######
#......#.#_###...#
########......'.###.#...#
#.............#.....#...#


You could see 2 orcs.

Vanquished Creatures
  Menkaure (D:5)
  A water moccasin (D:6)
  An ogre (D:6)
  3 centaurs (D:5)
  A howler monkey (D:4)
  2 crimson imps
  A bullfrog zombie (D:5)
  2 hounds
  An orc priest (D:4)
  A bullfrog skeleton (D:6)
  3 orc wizards
  Natasha (thrice) (D:3)
  3 worker ants
  6 adders (D:2)
  3 gnolls (D:3)
  A shadow imp (D:5)
  An ooze (D:3)
  An adder skeleton (D:4)
  A worm (D:2)
  3 dart slugs
  2 leopard geckos (D:1)
  17 orcs
  2 ball pythons (D:1)
  8 bats
  4 giant cockroaches
  6 goblins
  2 hobgoblins
  6 jackals
  9 kobolds
  2 quokkas (D:2)
  A frilled lizard (D:2)
  A quokka zombie (D:5)
  10 rats
109 creatures vanquished.

Notes
Turn   | Place    | Note
-------+----------+-------------------------------------------
     0 | D:1      | galech the Gnoll Wanderer began the quest for the Orb.
     0 | D:1      | galech set off with: a +2 leather armour, a potion of lignification, a +0 falchion, a ration
     0 | D:1      | Reached XP level 1. HP: 20/20 MP: 1/1
    87 | D:1      | Reached XP level 2. HP: 25/26 MP: 2/2
   466 | D:1      | Reached XP level 3. HP: 16/31 MP: 3/3
   743 | D:2      | Reached skill level 1 in Invocations
   940 | D:2      | Reached skill level 1 in Short Blades
   940 | D:2      | Reached skill level 1 in Axes
   940 | D:2      | Reached skill level 1 in Maces & Flails
   940 | D:2      | Reached skill level 1 in Polearms
   940 | D:2      | Reached skill level 1 in Slings
   940 | D:2      | Reached skill level 1 in Bows
   940 | D:2      | Reached skill level 1 in Crossbows
   940 | D:2      | Reached skill level 1 in Armour
   940 | D:2      | Reached skill level 1 in Shields
   940 | D:2      | Reached skill level 1 in Unarmed Combat
   940 | D:2      | Reached skill level 1 in Spellcasting
   940 | D:2      | Reached skill level 1 in Evocations
  1064 | D:2      | Reached XP level 4. HP: 37/38 MP: 5/5
  1428 | D:2      | Reached skill level 1 in Conjurations
  1428 | D:2      | Reached skill level 1 in Hexes
  1428 | D:2      | Reached skill level 1 in Charms
  1428 | D:2      | Reached skill level 1 in Summonings
  1428 | D:2      | Reached skill level 1 in Necromancy
  1428 | D:2      | Reached skill level 1 in Translocations
  1428 | D:2      | Reached skill level 1 in Transmutations
  1428 | D:2      | Reached skill level 1 in Fire Magic
  1428 | D:2      | Reached skill level 1 in Ice Magic
  1428 | D:2      | Reached skill level 1 in Air Magic
  1428 | D:2      | Reached skill level 1 in Earth Magic
  1428 | D:2      | Reached skill level 1 in Poison Magic
  1868 | D:3      | Reached XP level 5. HP: 27/43 MP: 6/6
  2052 | D:3      | Found a hazy altar of Hepliaklqana.
  2058 | D:3      | Noticed Natasha
  2065 | D:3      | Killed Natasha
  2099 | D:3      | Noticed Natasha
  2107 | D:3      | Killed Natasha
  2133 | D:3      | Noticed Natasha
  2137 | D:3      | Killed Natasha
  2188 | D:3      | Found a sparkling altar of Nemelex Xobeh.
  2336 | D:3      | Reached XP level 6. HP: 24/50 MP: 8/8
  2925 | D:4      | Reached skill level 5 in Fighting
  2925 | D:4      | Reached skill level 5 in Long Blades
  3195 | D:4      | Reached XP level 7. HP: 42/56 MP: 10/10
  3210 | D:4      | Reached skill level 7 in Staves
  3468 | D:5      | Entered Level 5 of the Dungeon
  3472 | D:5      | Noticed Menkaure
  3485 | D:5      | Killed Menkaure
  3806 | D:5      | Found Wimaw's Book Emporium.
  3835 | D:5      | Reached XP level 8. HP: 5/63 MP: 12/12
  3997 | D:5      | Got a transparent scale mail
  4133 | D:4      | Identified the +4 scale mail of the Invisible Wonders {+Fly MP+9 Str+2} (You found it on level 5 of the Dungeon)
  4286 | D:5      | Found a glowing golden altar of the Shining One.
  4335 | D:5      | Found a staircase to the Ecumenical Temple.
  4360 | Temple   | Entered the Ecumenical Temple
  4438 | Temple   | Became a worshipper of Warmaster Okawaru
  4660 | D:6      | Found a snail-covered altar of Cheibriados.
  4708 | D:6      | Slain by an orc

Vault maps used:
D:1:      co_arrival_square_in_a_square_in_a_square, st_stairs_14
D:2:      first_ration
D:3:      overflow_temple_1_default, kennysheep_big_empty_room,
          nemelex_dance_club_becter, uniq_natasha
D:5:      kennysheep_little_box, minmay_temple_entry_grid, serial_shops,
          nicolae_shop_statue_plus, uniq_menkaure
D:6:      lightli_temple_of_fire, serial_shops, shop, kennysheep_slug_shrine
Temple:   regret_index_temple_mists

Skill      XL: |  1  2  3  4  5  6  7  8 |
---------------+-------------------------+-----
Invocations    | 1 2 3 |  3.5
Short Blades   | 1 2 3 |  3.2
Axes           | 1 2 3 |  3.2
Maces & Flails | 1 2 3 |  3.2
Polearms       | 1 2 3 |  3.2
Slings         | 1 2 3 |  3.2
Bows           | 1 2 3 |  3.2
Crossbows      | 1 2 3 |  3.2
Armour         | 1 2 3 |  3.2
Shields        | 1 2 3 |  3.2
Unarmed Combat | 1 2 3 |  3.2
Spellcasting   | 1 2 3 |  3.2
Evocations     | 1 2 3 |  3.2
Conjurations   | 1 2 |  2.6
Hexes          | 1 2 |  2.6
Charms         | 1 2 |  2.6
Summonings     | 1 2 |  2.6
Necromancy     | 1 2 |  2.6
Translocations | 1 2 |  2.6
Transmutations | 1 2 |  2.6
Fire Magic     | 1 2 |  2.6
Ice Magic      | 1 2 |  2.6
Air Magic      | 1 2 |  2.6
Earth Magic    | 1 2 |  2.6
Poison Magic   | 1 2 |  2.6
Throwing       | 3 4 |  4.2
Dodging        | 3 4 |  4.2
Stealth        | 3 4 |  4.0
Fighting       | 5 |  5.6
Long Blades    | 5 |  5.6
Staves         | 7 |  7.3

Action                   |  1- 3 |  4- 6 |  7- 9 || total
-------------------------+-------+-------+-------++-------
Melee: Falchion          |   119 |     8 |       ||   127
       Bite              |    13 |    21 |    18 ||    52
       Whip              |       |   146 |       ||   146
       Dagger            |       |     7 |       ||     7
       Punch             |       |     2 |     1 ||     3
       Morningstar       |       |    73 |   113 ||   186
 Stab: Sleeping          |     5 |     6 |     1 ||    12
  Eat: Chunk             |     1 |     7 |     3 ||    11
Armor: Leather armour    |    51 |    94 |    27 ||   172
       Scale mail        |       |       |    56 ||    56
Dodge: Dodged            |    98 |   193 |   104 ||   395
       Rpst.: Falchion   |    28 |     3 |       ||    31

Table legend:
 A = Spawn XP
 B = Non-spawn XP
 C = Spawn XP percentage of total XP
 D = Spawn monster count
 E = Non-spawn monster count
 F = Spawn count percentage of total count
 G = Total turns spent on level
                    A         B        C        D         E        F      G
               +---------+---------+-------+---------+---------+-------+---------
         Total |       0 |    1769 |   0.0 |       0 |     109 |   0.0 |  4708
               +---------+---------+-------+---------+---------+-------+---------
           D:1 |       0 |      42 |   0.0 |       0 |      24 |   0.0 |   718
           D:2 |       0 |     109 |   0.0 |       0 |      20 |   0.0 |  1220
           D:3 |       0 |     249 |   0.0 |       0 |      32 |   0.0 |   786
           D:4 |       0 |     350 |   0.0 |       0 |      16 |   0.0 |   878
           D:5 |       0 |     657 |   0.0 |       0 |       9 |   0.0 |   860
           D:6 |       0 |     362 |   0.0 |       0 |       8 |   0.0 |   146
               +---------+---------+-------+---------+---------+-------+---------
